 Dungeon Crawl Stone Soup version 0.30-a0-218-gedb9141078 (webtiles) character file.

Game seed: 15795510977636778581

2314 sanka the Grappler (level 9, -1/71 HPs)
             Began as a Gnoll Reaver on Oct 5, 2022.
             Was an Initiate of Ashenzari.
             Slain by a wyvern (5 damage)
             ... while petrified by a basilisk
             ... on level 8 of the Dungeon.
             The game lasted 00:18:43 (7477 turns).

sanka the Grappler (Gnoll Reaver)                   Turns: 7477, Time: 00:18:43

Health: -1/71      AC:  2    Str: 11    XL:     9   Next: 41%
Magic:  0/19       EV:  2    Int: 18    God:    Ashenzari [......]
Gold:   106        SH:  0    Dex: 10    Spells: 11/22 levels left

rFire   . . .      SeeInvis .    w - staff of conjuration {!a}
rCold   . . .      Faith    .    (no shield)
rNeg    + + +      Spirit   +    F - +0 robe "I Foresaw This" {Self, Comp} (curse)
rPois   ∞          Reflect  .    (no helmet)
rElec   .          Harm     .    (no cloak)
rCorr   .          Rampage  .    (no gloves)
Will    .....                    (no boots)
Stlth   ++........               L - amulet of guardian spirit
HPRegen 0.31/turn                t - +4 ring of evasion
MPRegen 0.16/turn                n - ring of wizardry

@: petrified
A: fangs 1, strong nose, distributed training
a: Renounce Religion, Shatter the Chains


You were on level 8 of the Dungeon.
You worshipped Ashenzari.
Ashenzari was noncommittal.
You visited 2 branches of the dungeon, and saw 9 of its levels.

You collected 358 gold pieces.
You spent 252 gold pieces at shops.


Innate Abilities, Weirdness & Mutations

You have very sharp teeth.
Your uncanny sense of smell can sniff out nearby items.
Your experience applies equally to all skills.


   Skills:
 + Level 6.4(6.8) Fighting
 + Level 4.4 Short Blades
 + Level 4.4 Long Blades
 + Level 4.4 Axes
 + Level 4.4 Maces & Flails
 + Level 4.4 Polearms
 + Level 4.4 Staves
 + Level 4.4 Ranged Weapons
 + Level 4.4 Throwing
 + Level 4.4 Armour
 + Level 6.4 Dodging
 + Level 4.4 Stealth
 + Level 4.4 Shields
 + Level 8.0 Unarmed Combat
 + Level 6.7(7.2) Spellcasting
 + Level 6.6 Conjurations
 + Level 3.6 Hexes
 + Level 3.6(4.0) Summonings
 + Level 3.6(4.0) Necromancy
 + Level 3.6 Translocations
 + Level 3.6 Transmutations
 + Level 3.6 Fire Magic
 + Level 3.6 Ice Magic
 + Level 3.6 Air Magic
 + Level 3.6 Earth Magic
 + Level 3.6 Poison Magic
 + Level 4.8 Invocations
 + Level 4.4 Evocations


You had 11 spell levels left.
You knew the following spells:

 Your Spells              Type           Power      Damage    Failure   Level
i - Hailstorm             Conj/Ice       37%        3d9       1%          3
u - Momentum Strike       Conj/Tloc      74%        3d10      1%          2
y - Kiss of Death         Conj/Necr      100%       2d13      1%          1
z - Stone Arrow           Conj/Erth      74%        3d11      1%          3
N - Passwall              Tmut/Erth      15%        N/A       1%          2

Your spell library contained the following spells:

 Spells                   Type           Power      Damage    Failure   Level
 Freeze                   Ice            76%        1d9       1%          1
 Magic Dart               Conj           100%       1d8       1%          1
 Necrotise                Necr           84%        1d8       1%          1
 Sandblast                Erth           38%        2d10      1%          1
 Call Imp                 Summ           21%        N/A       1%          2
 Mephitic Cloud           Conj/Pois/Air  34%        N/A       1%          3
 Frozen Ramparts          Ice            38%        1d6       2%          3
 Ozocubu's Armour         Ice            19%        N/A       2%          3
 Vampiric Draining        Necr           21%        2d7       2%          3
 Agony                    Necr           21%        N/A       22%         5
 Metabolic Englaciation   Hex/Ice        9%         N/A       26%         5
 Simulacrum               Ice/Necr       10%        N/A       77%         6

Inventory:

Hand Weapons
 b - a +2 dagger of flaming
 r - a +0 halberd
 K - a +3 great sword of freezing
Missiles
 i - 10 poisoned darts
 k - 4 javelins
 q - a throwing net {=f}
Armour
 E - +0 storm dragon scales
 F - the cursed +0 robe "I Foresaw This" (worn) {Self, Comp}

   It has a curse which improves the following skills: Introspection: Fighting
   and Spellcasting.
   Companions: Summonings and Necromancy.
Magical Staves
 w - a staff of conjuration (weapon) {!a}
Jewellery
 n - a ring of wizardry (right hand)
 t - a +4 ring of evasion (left hand)
 y - a ring of protection from cold
 B - a ring of fire
 D - a ring of resist corrosion
 L - an amulet of guardian spirit (around neck)
Wands
 M - a wand of paralysis (5)
Scrolls
 a - a scroll of immolation {unknown}
 c - a scroll of brand weapon {unknown}
 d - 2 scrolls of summoning {unknown}
 f - 7 scrolls of teleportation {unknown}
 h - 3 scrolls of magic mapping {unknown}
 j - 6 scrolls of identify {unknown}
 l - 4 scrolls of vulnerability {unknown}
 o - a scroll of fog {unknown}
 s - a scroll of torment {unknown}
 u - 2 scrolls of acquirement {unknown}
 x - 2 scrolls of noise {unknown}
 A - 2 scrolls of blinking {unknown}
 G - 4 scrolls of enchant weapon {unknown}
 J - a scroll of amnesia {unknown}
Potions
 e - 5 potions of heal wounds {unknown}
 g - 4 potions of flight {unknown}
 m - a potion of cancellation {unknown}
 p - 4 potions of curing {unknown}
 v - a potion of ambrosia {unknown}
 z - a potion of invisibility {unknown}
 C - 2 potions of magic {unknown}
 H - a potion of attraction {unknown}
 I - a potion of lignification {unknown}
 N - a potion of mutation {unknown}
 O - a potion of brilliance {unknown}

Dungeon Overview and Level Annotations

Branches:
Dungeon (8/15)             Temple (1/1) D:4
   Lair: D:8-11

Altars:
Ashenzari
Cheibriados
Dithmenos
Elyvilon
Fedhas
Gozag
Hepliaklqana
Nemelex Xobeh
Okawaru
Trog
Uskayaw
Vehumet
Yredelemnul
The Shining One

Shops:
D:7 (::(

▒▒......▒▒
▒..▒▒...▒
▒▒.▒▒▒...▒
▒▒...▒▒▒..▒
▒▒.........▒
▒▒▒▒▒▒.
▒▒.l........▒
.......▒
▒▒...........▒
........▒
▒l.▒.........▒
........▒
▒▒g▒▒.........▒
[.......▒▒
▒▒.▒▒▒.........▒
[........▒ ▒▒.▒▒
▒▒▒.....▒.▒
.........▒ ▒▒..▒
▒▒▒...▒.▒
........▒ ▒▒..▒▒
▒▒▒▒▒.▒ .......▒
▒▒..▒▒ ▒.▒
.....▒▒▒▒▒..▒▒
▒.▒
.....▒▒▒▒...▒
▒▒.▒
▒▒▒▒........▒▒
▒..▒


You could see a basilisk and a wyvern.


Message History

The wyvern attacks as you move away! The wyvern bites you!
The wyvern barely misses you. The wyvern attacks as you move away!
The wyvern bites you! The wyvern closely misses you.
The wyvern attacks as you move away! The wyvern closely misses you.
The wyvern bites you!
* * * LOW HITPOINT WARNING * * *
The basilisk gazes at you.
You are slowing down.
The basilisk gazes at you. You resist with some effort. The wyvern bites you!
* * * LOW HITPOINT WARNING * * *
Your limbs are stiffening.
The wyvern bites you!
* * * LOW HITPOINT WARNING * * *
The basilisk gazes at you.
Your limbs have turned to stone.
You have turned to stone.
The wyvern bites you!
* * * LOW HITPOINT WARNING * * *
The wyvern bites you!
* * * LOW HITPOINT WARNING * * *
The wyvern bites you.
* * * LOW HITPOINT WARNING * * *
The wyvern bites you!
You die...

Action                   |  1- 3 |  4- 6 |  7- 9 || total
-------------------------+-------+-------+-------++-------
Melee: Unarmed           |    83 |   115 |    48 ||   246
       Bite              |     7 |     7 |     5 ||    19
       Punch             |     2 |     6 |     2 ||    10
 Cast: Momentum Strike   |     3 |    17 |    20 ||    40
       Kiss of Death     |     1 |     3 |       ||     4
       Hailstorm         |       |    12 |    65 ||    77
       Stone Arrow       |       |       |    12 ||    12
Invok: Curse Item        |       |       |     1 ||     1
Armor: Leather armour    |    20 |    24 |       ||    44
       Robe              |       |     1 |    14 ||    15
Dodge: Dodged            |    42 |   104 |    56 ||   202

Levels and vault maps discovered:
D:1:      dpeg_arrival_rooms_with_view, layout_basic, serial_forest,
          infiniplex_forest_3_way, infiniplex_forest_straight_5,
          infiniplex_forest_clump_diagonal, infiniplex_forest_lined_room_,
          infiniplex_forest_straight_2, infiniplex_forest_end_double
D:2:      layout_rooms, uniq_sigmund
D:3:      layout_loops_corners, ebering_ecumenical_altar_rust, uniq_jessica
D:4:      layout_cave_pools, mainiacjoe_overflow_cross_hatched,
          fiery_altar_vehumet, temple_statues, chequers_serial_rivers_micro_d
D:5:      layout_basic, mainiacjoe_overflow_tiny_flanked
D:6:      layout_basic, gammafunk_temple_overflow_elements
D:7:      layout_basic, serial_shops, shop, nicolae_stop_n_shop_1,
          nicolae_inconvenience_store, nicolae_square_shop,
          grunt_decor_arrowhead
D:8:      layout_cave_pods, mainiacjoe_overflow_divided_tiny, david_lair_generic
Temple:   hellmonk_temple_divided_pantheon

Notes
Turn   | Place    | Note
-------+----------+-------------------------------------------
     0 | D:1      | sanka the Gnoll Reaver began the quest for the Orb.
     0 | D:1      | Reached XP level 1. HP: 20/20 MP: 6/6
   100 | D:1      | Reached XP level 2. HP: 22/26 MP: 7/7
   129 | D:1      | Learned a level 2 spell: Momentum Strike
   331 | D:1      | Reached skill level 5 in Spellcasting
   331 | D:1      | Reached XP level 3. HP: 22/31 MP: 7/9
   449 | D:1      | Reached skill level 1 in Invocations
   829 | D:2      | Noticed Sigmund
   846 | D:2      | Killed Sigmund
   847 | D:2      | Reached skill level 1 in Short Blades
   847 | D:2      | Reached skill level 1 in Long Blades
   847 | D:2      | Reached skill level 1 in Axes
   847 | D:2      | Reached skill level 1 in Maces & Flails
   847 | D:2      | Reached skill level 1 in Polearms
   847 | D:2      | Reached skill level 1 in Staves
   847 | D:2      | Reached skill level 1 in Ranged Weapons
   847 | D:2      | Reached skill level 1 in Throwing
   847 | D:2      | Reached skill level 1 in Armour
   847 | D:2      | Reached skill level 1 in Stealth
   847 | D:2      | Reached skill level 1 in Shields
   847 | D:2      | Reached skill level 1 in Hexes
   847 | D:2      | Reached skill level 1 in Summonings
   847 | D:2      | Reached skill level 1 in Necromancy
   847 | D:2      | Reached skill level 1 in Translocations
   847 | D:2      | Reached skill level 1 in Transmutations
   847 | D:2      | Reached skill level 1 in Fire Magic
   847 | D:2      | Reached skill level 1 in Ice Magic
   847 | D:2      | Reached skill level 1 in Air Magic
   847 | D:2      | Reached skill level 1 in Earth Magic
   847 | D:2      | Reached skill level 1 in Poison Magic
   847 | D:2      | Reached skill level 1 in Evocations
   847 | D:2      | Reached XP level 4. HP: 17/38 MP: 6/11
  1290 | D:2      | Reached XP level 5. HP: 11/32 MP: 8/12
  1567 | D:3      | Found a faded altar of an unknown god.
  2033 | D:3      | Noticed Jessica
  2051 | D:3      | Killed Jessica
  2388 | D:4      | Found a radiant altar of Vehumet.
  2396 | D:4      | Noticed a black bear
  2400 | D:4      | Reached skill level 2 in Invocations
  2406 | D:4      | Killed a black bear
  2407 | D:4      | Reached XP level 6. HP: 38/41 MP: 10/14
  2480 | D:4      | Found a hide-covered altar of Uskayaw.
  2651 | D:4      | Found a staircase to the Ecumenical Temple.
  2664 | D:4      | Reached skill level 5 in Fighting
  2664 | D:4      | Reached skill level 5 in Dodging
  2670 | Temple   | Entered the Ecumenical Temple
  2670 | Temple   | Found a transporter.
  2670 | Temple   | Found a transporter.
  2706 | Temple   | Found a transporter.
  2706 | Temple   | Found a transporter.
  2847 | D:4      | Reached skill level 2 in Short Blades
  2847 | D:4      | Reached skill level 2 in Long Blades
  2847 | D:4      | Reached skill level 2 in Axes
  2847 | D:4      | Reached skill level 2 in Maces & Flails
  2847 | D:4      | Reached skill level 2 in Polearms
  2847 | D:4      | Reached skill level 2 in Staves
  2847 | D:4      | Reached skill level 2 in Ranged Weapons
  2847 | D:4      | Reached skill level 2 in Throwing
  2847 | D:4      | Reached skill level 2 in Armour
  2847 | D:4      | Reached skill level 2 in Stealth
  2847 | D:4      | Reached skill level 2 in Shields
  2847 | D:4      | Reached skill level 2 in Evocations
  2929 | D:4      | Identified +0 storm dragon scales
  3008 | D:3      | Learned a level 3 spell: Hailstorm
  3073 | D:5      | Entered Level 5 of the Dungeon
  3073 | D:5      | Noticed an orc warrior
  3319 | D:5      | Found a shadowy altar of Dithmenos.
  3508 | D:5      | Killed an orc warrior
  3509 | D:5      | Reached skill level 7 in Unarmed Combat
  3509 | D:5      | Reached XP level 7. HP: 48/56 MP: 1/15
  3935 | D:5      | Reached skill level 2 in Hexes
  3935 | D:5      | Reached skill level 2 in Summonings
  3935 | D:5      | Reached skill level 2 in Necromancy
  3935 | D:5      | Reached skill level 2 in Translocations
  3935 | D:5      | Reached skill level 2 in Transmutations
  3935 | D:5      | Reached skill level 2 in Fire Magic
  3935 | D:5      | Reached skill level 2 in Ice Magic
  3935 | D:5      | Reached skill level 2 in Air Magic
  3935 | D:5      | Reached skill level 2 in Earth Magic
  3935 | D:5      | Reached skill level 2 in Poison Magic
  4485 | D:6      | Reached skill level 3 in Invocations
  4949 | D:6      | Reached skill level 6 in Conjurations
  5163 | D:6      | Reached skill level 3 in Short Blades
  5163 | D:6      | Reached skill level 3 in Long Blades
  5163 | D:6      | Reached skill level 3 in Axes
  5163 | D:6      | Reached skill level 3 in Maces & Flails
  5163 | D:6      | Reached skill level 3 in Polearms
  5163 | D:6      | Reached skill level 3 in Staves
  5163 | D:6      | Reached skill level 3 in Ranged Weapons
  5163 | D:6      | Reached skill level 3 in Throwing
  5163 | D:6      | Reached skill level 3 in Armour
  5163 | D:6      | Reached skill level 3 in Stealth
  5163 | D:6      | Reached skill level 3 in Shields
  5163 | D:6      | Reached skill level 3 in Evocations
  5163 | D:6      | Reached XP level 8. HP: 47/63 MP: 5/16
  5358 | D:6      | Reached skill level 6 in Spellcasting
  5472 | D:6      | Identified the +4 flail "Orb Guardian's Bane" {vorpal,
                  | Drain rPois Str+3 Stlth+}
  5484 | D:6      | Found a broken altar of Ashenzari.
  5484 | D:6      | Found a blossoming altar of Fedhas.
  5613 | D:6      | Became a worshipper of Ashenzari the Shackled
  5995 | D:7      | Found Jipoim Tay's Book Emporium.
  6072 | D:7      | Found Dooq's Book Shoppe.
  6212 | D:7      | Found Yloss's Weapon Shoppe.
  6313 | D:7      | Reached skill level 4 in Invocations
  6400 | D:7      | Reached skill level 6 in Fighting
  6400 | D:7      | Reached skill level 6 in Dodging
  6400 | D:7      | Reached skill level 3 in Hexes
  6400 | D:7      | Reached skill level 3 in Summonings
  6400 | D:7      | Reached skill level 3 in Necromancy
  6400 | D:7      | Reached skill level 3 in Translocations
  6400 | D:7      | Reached skill level 3 in Transmutations
  6400 | D:7      | Reached skill level 3 in Fire Magic
  6400 | D:7      | Reached skill level 3 in Ice Magic
  6400 | D:7      | Reached skill level 3 in Air Magic
  6400 | D:7      | Reached skill level 3 in Earth Magic
  6400 | D:7      | Reached skill level 3 in Poison Magic
  6607 | D:7      | Found Oniranlu's Antique Weapon Emporium.
  7134 | D:7      | Bought a book of Geomancy for 252 gold pieces
  7137 | D:7      | Learned a level 2 spell: Passwall
  7141 | D:7      | Learned a level 3 spell: Stone Arrow
  7180 | D:8      | Reached XP level 9. HP: 53/69 MP: 0/18
  7322 | D:7      | Reached skill level 4 in Short Blades
  7322 | D:7      | Reached skill level 4 in Long Blades
  7322 | D:7      | Reached skill level 4 in Axes
  7322 | D:7      | Reached skill level 4 in Maces & Flails
  7322 | D:7      | Reached skill level 4 in Polearms
  7322 | D:7      | Reached skill level 4 in Staves
  7322 | D:7      | Reached skill level 4 in Ranged Weapons
  7322 | D:7      | Reached skill level 4 in Throwing
  7322 | D:7      | Reached skill level 4 in Armour
  7322 | D:7      | Reached skill level 4 in Stealth
  7322 | D:7      | Reached skill level 4 in Shields
  7322 | D:7      | Reached skill level 4 in Evocations
  7451 | D:8      | Noticed a two-headed ogre
  7456 | D:8      | Killed a two-headed ogre
  7457 | D:8      | Reached skill level 8 in Unarmed Combat
  7475 | D:8      | HP: 4/71 [wyvern (5)]
  7477 | D:8      | Slain by a wyvern

Vanquished Creatures
  A two-headed ogre (D:8)
  An orc warrior (D:7)
  A black bear (D:4)
  A phantom (D:6)
  A gnoll sergeant (D:7)
  A bullfrog (D:7)
  A necrophage (D:6)
  2 scorpions
  A wight (D:6)
  A howler monkey (D:4)
  3 hounds
  A gnoll bouda (D:7)
  2 orc priests (D:8)
  A jelly (D:7)
  Jessica (D:3)
  5 iguanas
  5 orc wizards
  14 gnolls
  6 adders
  A white imp (D:6)
  An ufetubus (D:5)
  A worm (D:2)
  4 dart slugs
  9 orcs
  9 ball pythons
  5 endoplasms
  5 giant cockroaches
  4 hobgoblins
  5 jackals
  3 quokkas
  A bat (D:1)
  3 frilled lizards
  6 goblins
  8 kobolds
  4 rats
118 creatures vanquished.

Vanquished Creatures (others)
  Sigmund (D:2)
  An orc warrior (D:5)
  2 ogres
  2 bullfrogs
  4 wights (D:6)
  A hound (D:6)
  2 iguanas
  An orc wizard (D:7)
  2 gnolls
  3 adders (D:2)
  An orc (D:2)
20 creatures vanquished.

Grand Total: 138 creatures vanquished
